Map: Acid Plant LE

Players

Harstem - Winner!

  • Race: Protoss Protoss
  • Spawn Location: 11:00

AlaSReformed (AlaStOr)

  • Race: Zerg Zerg
  • Spawn Location: 5:00

Event: WCS Valencia 2018

VOD

Have the link to the VOD?

Description

Time

  • Played on: July 12, 2018, 10:07 a.m.
  • Length: 13:22

All games in this series

Show
View Real Time Build Order
Export as new Build Order

Harstem Protoss - Winner!

Build Orders: 1 Gate Expand, Oracle Opening, Phoenix Opening, Mass Phoenix, Zealot Archon 

Get SALT Encoding   

  12  0:00  Probe  
  13  0:13  Probe  
  14  0:19  Pylon  
  14  0:25  Probe  
  15  0:34  Probe  
  15  0:42  Gateway, Probe  
  16  0:48  Assimilator  
  17  0:52  Probe  
  18  1:04  Probe  
  19  1:16  Probe  
  20  1:24  Nexus  
  20  1:35  Cybernetics Core  
  20  1:38  Probe  
  21  1:45  Assimilator  
  21  1:50  Probe  
  22  1:54  Pylon  
  22  2:02  Probe  
  22  2:03  Adept  
  23  2:14  Probe  
  26  2:18  Stargate  
  26  2:26  Warp Gate, Probe  
  27  2:32  Adept  
  27  2:35  Probe  
  29  2:38  Probe  
  29  2:43  Probe  
  31  2:50  Probe  
  33  2:55  Phoenix  
  33  2:56  Gateway  
  34  3:03  Probe  
  36  3:07  Probe  
  36  3:11  Oracle  
  37  3:15  Probe  
  37  3:16  Pylon  
  37  3:19  Probe  
  42  3:27  Probe  
  42  3:31  Probe  
  44  3:36  Assimilator  
  44  3:39  Probe  
  44  3:40  Assimilator  
  45  3:43  Probe  
  45  3:47  Stargate  
  46  3:51  Probe  
  46  3:54  Pylon  
  46  3:55  Probe  
  48  4:03  Probe  
  48  4:07  Probe  
  48  4:08  Phoenix  
  52  4:12  Pylon  
  52  4:15  Probe  
  53  4:19  Probe  
  53  4:23  Pylon  
  54  4:25  Phoenix x2  
  54  4:27  Probe  
  55  4:32  Zealot  
  55  4:36  Probe  
  62  4:47  Phoenix  
  62  4:48  Phoenix  
  62  4:51  Pylon  
  66  5:01  Nexus  
  66  5:10  Probe x2  
  66  5:12  Phoenix  
  70  5:17  Shield Battery  
  70  5:19  Sentry  
  70  5:20  Pylon  
  72  5:22  Shield Battery  
  72  5:24  Probe  
  72  5:25  Probe  
  74  5:31  Forge  
  74  5:33  Phoenix  
  76  5:39  Twilight Council, Probe  
  77  5:46  Probe  
  78  5:51  Robotics Facility  
  78  5:52  Probe  
  79  6:00  Probe  
  79  6:04  Probe  
  81  6:07  Charge  
  81  6:09  Probe  
  81  6:10  Gateway, Protoss Ground Weapons Level 1  
  81  6:12  Probe  
  81  6:14  Probe  
  81  6:18  Templar Archives, Probe  
  84  6:20  Sentry, Probe  
  84  6:21  Zealot  
  84  6:24  Gateway  
  90  6:26  Probe  
  90  6:28  Probe  
  90  6:30  Probe  
  90  6:32  Immortal  
  93  6:35  Assimilator  
  93  6:36  Pylon  
  93  6:38  Probe  
  94  6:40  Assimilator, Probe  
  94  6:45  Probe  
  100  6:51  Probe  
  100  6:52  Pylon  
  101  7:00  Probe x2  
  103  7:03  Gateway  
  103  7:04  Observer  
  103  7:08  Gateway  
  103  7:10  Gateway, Probe  
  103  7:14  Gateway  
  105  7:16  Probe  
  105  7:17  Probe  
  105  7:18  Zealot, High Templar x2  
  105  7:19  Immortal  
  113  7:24  Photon Cannon  
  113  7:25  Archon  
  117  7:31  Pylon  
  117  7:33  Probe  
  117  7:34  Pylon  
  118  7:39  Probe  
  118  7:41  Pylon  
  118  7:44  Photon Cannon, High Templar  
  119  7:45  High Templar  
  119  7:48  Warp Prism, Probe  
  119  7:49  Archon  
  124  7:55  Zealot x2  
  130  8:01  Protoss Ground Weapons Level 2  
  130  8:03  High Templar x2  
  134  8:06  Protoss Air Weapons Level 1  
  134  8:07  Pylon  
  134  8:10  Archon  
  134  8:11  Zealot x2  
  138  8:14  Nexus  
  138  8:19  Pylon  
  138  8:20  Zealot x4  
  145  8:27  Pylon  
  145  8:28  Pylon  
  145  8:30  Pylon  
  143  8:34  Zealot x2  
  147  8:41  Photon Cannon  
  147  8:42  Zealot  
  147  8:44  Pylon  
  147  8:45  Zealot x4  
  153  8:50  Zealot  
  150  8:58  Zealot x2  
  154  9:03  Probe  
  154  9:06  Zealot x3  
  154  9:15  Probe  
  154  9:16  Zealot  
  154  9:17  Probe x2  
  154  9:22  Assimilator  
  154  9:23  Probe  
  150  9:27  Pylon  
  150  9:29  Photon Cannon, Probe  
  150  9:30  Probe, Phoenix  
  150  9:31  Photon Cannon, Zealot x4  
  153  9:37  Phoenix  
  153  9:38  Probe  
  159  9:43  Probe  
  161  9:45  Probe  
  161  9:46  Probe  
  161  9:47  Immortal  
  161  9:50  High Templar  
  165  9:58  Probe  
  165  10:05  Gateway  
  165  10:06  Gateway  
  166  10:07  Gateway  
  166  10:08  Gateway, High Templar x2  
  166  10:10  High Templar x2  
  174  10:14  Archon  
  174  10:15  Archon  
  174  10:16  Immortal  
  162  10:36  Fleet Beacon  
  162  10:40  Zealot x3  
  146  10:43  Zealot x2  
  146  10:47  Immortal  
  138  10:51  Void Ray x2  
  132  11:04  Zealot  
  132  11:05  Zealot x4  
  138  11:13  Robotics Facility  
  138  11:17  Immortal  
  130  11:19  High Templar x2  
  130  11:22  Probe  
  130  11:24  Archon  
  135  11:26  Carrier  
  135  11:28  Assimilator  
  139  11:33  Assimilator  
  139  11:34  Zealot x3  
  139  11:35  Zealot x3  
  151  11:48  Immortal, Probe  
  138  11:54  Immortal  
  138  11:58  Pylon  
  144  12:01  Zealot x5  
  144  12:02  Zealot  
  144  12:03  Zealot x2  
  164  12:13  Probe  
  165  12:17  Photon Cannon  
  165  12:19  Shield Battery  
  165  12:22  Graviton Catapult  
  165  12:24  Stargate  
  165  12:27  High Templar x2  
  165  12:28  Sentry, Zealot  
  173  12:31  Archon, Pylon  
  173  12:38  Probe  
  173  12:40  High Templar x2  
  173  12:41  Zealot x3  
  184  12:45  Pylon, Archon  
  184  12:50  Zealot  
  190  13:07  Zealot x5  
Show
View Real Time Build Order
Export as new Build Order

AlaSReformed Zerg 

Build Orders: Hatch First 

Get SALT Encoding   

  12  0:00  Drone  
  13  0:12  Overlord  
  13  0:16  Drone  
  14  0:30  Drone  
  14  0:31  Drone  
  14  0:34  Drone  
  17  0:51  Hatchery  
  17  0:54  Drone  
  17  0:59  Drone  
  18  1:12  Spawning Pool  
  18  1:14  Extractor  
  18  1:16  Drone  
  17  1:19  Drone  
  18  1:27  Drone  
  19  1:38  Overlord  
  19  1:50  Drone  
  20  1:58  Queen  
  20  2:00  Zergling x2  
  23  2:03  Queen  
  23  2:04  Zergling x2  
  26  2:10  Drone  
  26  2:15  Metabolic Boost  
  27  2:19  Drone  
  28  2:23  Drone  
  28  2:26  Drone  
  29  2:38  Hatchery  
  29  2:42  Drone x2  
  30  2:47  Queen  
  30  2:51  Drone  
  33  2:53  Drone  
  33  2:54  Drone  
  35  2:59  Overlord  
  35  3:11  Overlord  
  35  3:17  Drone  
  35  3:18  Drone x3  
  35  3:19  Drone  
  40  3:26  Drone  
  41  3:30  Queen  
  41  3:31  Drone  
  44  3:38  Overlord  
  44  3:41  Spore Crawler  
  44  3:42  Spore Crawler  
  44  3:45  Overlord  
  42  3:49  Drone  
  42  3:51  Drone x3  
  42  3:53  Drone  
  47  3:57  Drone x3  
  47  4:01  Drone  
  51  4:03  Drone x2  
  51  4:06  Lair  
  53  4:11  Extractor  
  53  4:13  Extractor  
  53  4:15  Spore Crawler  
  50  4:19  Drone x2  
  50  4:21  Drone  
  50  4:22  Drone  
  54  4:26  Evolution Chamber  
  54  4:28  Overlord  
  54  4:29  Drone, Roach Warren  
  54  4:30  Drone  
  54  4:31  Drone  
  55  4:34  Drone x2  
  55  4:36  Overlord  
  57  4:39  Drone  
  57  4:42  Overlord  
  58  4:47  Drone x3  
  58  4:49  Drone  
  58  4:50  Drone  
  63  4:55  Drone  
  63  4:57  Zerg Missile Weapons Level 1  
  62  5:02  Overlord  
  62  5:06  Overlord  
  61  5:07  Drone  
  61  5:08  Extractor  
  61  5:14  Glial Reconstitution  
  61  5:15  Drone x2  
  61  5:19  Roach x5  
  61  5:20  Roach  
  75  5:22  Drone  
  75  5:23  Drone x2  
  75  5:28  Extractor  
  77  5:32  Spore Crawler  
  77  5:34  Spore Crawler x2  
  74  5:36  Spore Crawler, Drone  
  74  5:38  Drone x2  
  74  5:39  Spore Crawler  
  74  5:43  Spore Crawler  
  74  5:46  Infestation Pit  
  74  5:47  Extractor  
  74  5:48  Overlord  
  69  5:51  Overlord  
  69  5:54  Spore Crawler  
  67  6:02  Overlord x2  
  65  6:05  Burrow  
  65  6:12  Drone  
  65  6:13  Drone  
  65  6:15  Spore Crawler  
  65  6:16  Drone x2  
  68  6:19  Drone x3  
  68  6:20  Drone x3  
  68  6:22  Drone  
  75  6:27  Pathogen Glands  
  75  6:33  Drone x2  
  75  6:37  Overlord  
  75  6:39  Drone  
  79  6:40  Drone x2  
  79  6:42  Overlord  
  79  6:43  Drone  
  79  6:45  Overlord  
  81  6:47  Overlord  
  81  6:52  Roach  
  81  6:54  Zerg Missile Weapons Level 2  
  76  7:03  Drone x4  
  76  7:04  Infestor x2  
  76  7:07  Ravager  
  76  7:08  Infestor  
  87  7:14  Infestor x2  
  87  7:16  Drone x2  
  87  7:19  Ravager  
  89  7:25  Infestor  
  89  7:26  Infestor  
  93  7:32  Overlord x2  
  93  7:33  Roach x2  
  93  7:35  Roach  
  99  7:38  Roach  
  103  7:44  Roach x4  
  103  7:50  Roach x3  
  115  7:54  Roach x2  
  115  7:58  Roach x2  
  123  8:03  Roach x2  
  129  8:05  Roach  
  129  8:11  Overlord x2  
  129  8:15  Overlord  
  129  8:17  Overlord  
  129  8:26  Overlord  
  129  8:30  Roach x2  
  129  8:31  Roach x4  
  139  8:40  Ravager x2  
  139  8:41  Ravager  
  140  8:46  Roach x5  
  148  8:51  Roach x2  
  148  8:53  Roach x2  
  148  8:54  Roach x3  
  160  8:59  Roach x2  
  156  9:05  Roach  
  156  9:08  Roach x4  
  156  9:09  Roach  
  168  9:16  Roach  
  168  9:17  Roach x2  
  168  9:20  Infestor x2  
  168  9:23  Roach x2  
  144  9:25  Infestor  
  144  9:29  Infestor x2  
  128  9:32  Infestor x2  
  128  9:36  Roach x4  
  128  9:37  Roach x2  
  130  9:42  Roach x2  
  130  9:43  Infestor  
  126  9:52  Roach  
  128  9:57  Roach  
  128  9:58  Roach x2  
  128  9:59  Hatchery  
  133  10:01  Roach x2  
  133  10:04  Roach  
  139  10:08  Roach x2  
  139  10:10  Roach  
  145  10:15  Roach x3  
  151  10:22  Roach x3  
  151  10:26  Roach x2  
  161  10:32  Overlord  
  139  10:47  Roach x7  
  139  10:48  Roach  
  139  10:49  Roach x3  
  145  10:54  Roach x2  
  145  10:56  Roach  
  151  10:57  Infestor  
  151  10:59  Roach x2  
  151  11:02  Infestor  
  151  11:04  Roach x2  
  143  11:06  Roach  
  143  11:07  Infestor x2  
  143  11:11  Roach x3  
  147  11:13  Roach  
  147  11:17  Roach x2  
  135  11:27  Roach x4  
  135  11:31  Infestor  
  145  11:36  Roach x2  
  145  11:45  Roach  
  139  11:50  Roach x3  
  139  11:52  Roach x2  
  133  11:58  Infestor x3  
  133  11:59  Infestor  
  133  12:01  Roach  
  123  12:05  Roach  
  123  12:06  Roach  
  125  12:08  Infestor  
  125  12:14  Drone x3  
  125  12:15  Roach x2  
  134  12:17  Extractor  
  134  12:20  Roach x3  
  134  12:22  Infestor x2  
  139  12:23  Roach, Infestor  
  139  12:24  Roach, Infestor  
  139  12:25  Infestor  
  139  12:29  Roach x2  
  147  12:33  Roach x3  
  147  12:35  Infestor  
  147  12:36  Infestor  
  155  12:40  Roach x2  
  155  12:44  Roach x2  
  163  12:51  Roach  
  163  12:52  Roach  
  163  12:54  Overlord  
  163  12:57  Overlord  
Tags
 
Add a new tag
Caveats
  • Supply blocks, unpowered buildings, or Contaminate may cause inaccurate times.
  • Supply counts are checked every 10 seconds.